 Dungeon Crawl Stone Soup version 0.30-a0-777-ga9a30cbeda (webtiles) character file.

Game seed: 7640997753476868167

3110 retardedninja the Blocker (level 9, 0/59 HPs)
             Began as a Gargoyle Fighter on Feb 14, 2023.
             Was an Initiate of Gozag.
             Slain by a yak (10 damage)
             ... on level 7 of the Dungeon.
             The game lasted 00:11:14 (8194 turns).

retardedninja the Blocker (Gargoyle Fighter)        Turns: 8194, Time: 00:11:14

Health: 0/59       AC: 28    Str: 24    XL:     9   Next: 91%
Magic:  9/9        EV:  6    Int:  9    God:    Gozag
Gold:   1378       SH:  5    Dex:  9    Spells: 8/8 levels left

rFire   + . .      SeeInvis .    a - +0 flail
rCold   + . .      Faith    .    c - +0 buckler
rNeg    + . .      Spirit   .    A - +0 plate armour
rPois   ∞          Reflect  .    (no helmet)
rElec   +          Harm     .    g - +0 cloak
rCorr   +          Rampage  .    n - +0 pair of gloves
Will    +....                    u - +0 pair of boots Stlth
                                 (no amulet)
HPRegen 0.29/turn                f - +4 ring of protection
MPRegen 0.11/turn                k - ring of willpower

@: resistant
A: sickness immunity, AC +6, negative energy resistance 1, electricity
resistance, torment resistance 1, petrification resistance
a: Renounce Religion, Potion Petition, Call Merchant, Bribe Branch


You were on level 7 of the Dungeon.
You worshipped Gozag.
Gozag was most pleased with you.
You visited 2 branches of the dungeon, and saw 9 of its levels.

You collected 1545 gold pieces.
You spent 45 gold pieces at shops.
You paid 122 gold pieces to Gozag.

Inventory:

Hand Weapons
 a - a +0 flail (weapon)
Missiles
 z - a throwing net (quivered)
Armour
 c - a +0 buckler (worn)
 g - a +0 cloak (worn)
 n - a +0 pair of gloves (worn)
 u - a +0 pair of boots (worn)
 A - a +0 plate armour (worn)
Jewellery
 f - a +4 ring of protection (left hand)
 k - a ring of willpower (right hand)
 D - a ring of protection from cold
Wands
 e - a wand of iceblast (5)
 p - a wand of mindburst (5)
Scrolls
 h - 4 scrolls of teleportation
 j - a scroll of brand weapon {unknown}
 q - a scroll of vulnerability {unknown}
 r - a scroll of blinking {unknown}
 v - a scroll of magic mapping
 x - a scroll of fog {unknown}
 y - 2 scrolls of immolation {unknown}
 B - a scroll of poison {unknown}
 C - a scroll of fear {unknown}
Potions
 b - a potion of haste {unknown}
 d - 4 potions of flight
 l - 2 potions of degeneration
 m - 2 potions of attraction
 o - a potion of ambrosia
 t - 3 potions of brilliance
 w - 3 potions of curing


   Skills:
 + Level 8.1 Fighting
 + Level 7.0 Maces & Flails
 + Level 8.1 Armour
 + Level 8.1 Shields


You had 8 spell levels left.
You didn't know any spells.
Your spell library contained the following spells:

 Spells                   Type           Power      Damage    Failure   Level
 Shock                    Conj/Air       0%         1d3       100%        1
 Swiftness                Air            0%         N/A       100%        3
 Airstrike                Air            0%         2d(0-16)  100%        4


Dungeon Overview and Level Annotations

Branches:
Dungeon (8/15)             Temple (1/1) D:7
   Lair: D:8-11

Altars:
Ashenzari
Cheibriados
Dithmenos
Elyvilon
Fedhas
Gozag
Hepliaklqana
Kikubaaqudgha
Makhleb
Nemelex Xobeh
Okawaru
Qazlal
Ru
Sif Muna
Trog
Uskayaw
Vehumet
Wu Jian
Xom
Yredelemnul
Zin
The Shining One

Shops:
D:4 ([:


Innate Abilities, Weirdness & Mutations

You are immune to sickness and miasma.
Your stone body is resilient. (AC +6)
You are immune to poison.
You resist negative energy. (rN+)
You are resistant to electric shocks. (rElec)
You are resistant to unholy torment.
You are immune to petrification.


Message History

You block the yak's attack.
You barely miss the yak.
The yak is moderately wounded.
The yak gores you but does no damage.
You hit the yak.
The yak is heavily wounded.
The yak gores you but does no damage.
You hit the yak.
The yak is heavily wounded.
The yak gores you but does no damage. x2
You hit the yak but do no damage.
The yak is heavily wounded.
You block the yak's attack.
You hit the yak but do no damage.
The yak is heavily wounded.
The yak gores you but does no damage.
You thump the yak!
The yak is severely wounded.
The yak gores you but does no damage.
You hit the yak but do no damage.
The yak is severely wounded.
The yak gores you but does no damage.
You barely miss the yak.
The yak is severely wounded.
You block the yak's attack.
You hit the yak but do no damage.
The yak is severely wounded.
The yak barely misses you.
You hit the yak.
The yak is almost dead.
The yak gores you!
* * * LOW HITPOINT WARNING * * *
You hit the yak.
The yak is almost dead.
You block the yak's attack.
You barely miss the yak.
The yak is almost dead.
The yak gores you!
You die...
Your body crumbles into a pile of gold.

..#...##.#.## ######.#.#....##...
....#..#.#.# ######.....#####...
.#...#.....####........#.........
.#...###).###<.....#.#######.....
.##..>..((..)..####..# #........
.###.#.......#####..#####.###.8.#
## #.........####..##.....##.....
##.#....#...##.###.###...8.>.8
#####.#........Y@.# #.##..#......
..................###.......#.8.#
###.###................#.........
....##...........................
.###................#.#..........
###..#..##......###.#............
#...##..........#................
.........#..........(............
..#......#...........)...........


You could see a yak.

Vanquished Creatures
  A kobold demonologist (D:6)
  A hornet (D:7)
  5 yaks (D:6)
  Menkaure (D:6)
  An orc warrior (D:6)
  5 ice beasts
  A black bear (D:6)
  A kobold brigand (D:7)
  A bullfrog (D:5)
  A necrophage (D:5)
  2 scorpions
  3 killer bees (D:8)
  2 howler monkeys
  An orc priest (D:8)
  3 jellies
  2 hounds (D:5)
  Ijyb (D:3)
  Jessica (D:2)
  2 iguanas
  Natasha (thrice) (D:3)
  2 orc wizards
  4 adders
  10 gnolls
  A shadow imp (D:5)
  3 ufetubi
  7 orcs
  6 endoplasms
  4 giant cockroaches (D:1)
  7 goblins
  6 hobgoblins
  4 jackals
  9 kobolds
  5 quokkas
  4 ball pythons
  2 bats
  3 frilled lizards
  5 rats
120 creatures vanquished.

Notes
Turn   | Place    | Note
-------+----------+-------------------------------------------
     0 | D:1      | retardedninja the Gargoyle Fighter began the quest for the
                  | Orb.
     0 | D:1      | Reached XP level 1. HP: 14/14 MP: 1/1
   170 | D:1      | Reached XP level 2. HP: 19/19 MP: 2/2
   234 | D:1      | Reached XP level 3. HP: 9/23 MP: 3/3
   737 | D:2      | Found a glowing golden altar of the Shining One.
   772 | D:2      | You fall into a shaft and drop 1 floor!
   836 | D:3      | Noticed Natasha
   845 | D:3      | Killed Natasha
   846 | D:3      | Reached XP level 4. HP: 22/29 MP: 4/4
  1528 | D:2      | Reached XP level 5. HP: 20/33 MP: 5/5
  1733 | D:2      | Noticed Jessica
  1746 | D:2      | Killed Jessica
  2014 | D:3      | Found a sacrificial altar of Ru.
  2045 | D:3      | Noticed Natasha
  2058 | D:3      | Killed Natasha
  2227 | D:3      | Noticed Natasha
  2237 | D:3      | Killed Natasha
  2238 | D:3      | Reached XP level 6. HP: 37/39 MP: 6/6
  2451 | D:3      | Noticed Ijyb
  2463 | D:3      | Killed Ijyb
  2486 | D:3      | Found a faded altar of an unknown god.
  3241 | D:4      | Found Iluoto Sacic's Armour Emporium.
  3286 | D:4      | Found Neapluh's Book Shoppe.
  3289 | D:4      | Bought a +0 pair of boots for 45 gold pieces
  3415 | D:4      | Found Doumme's Antique Weapon Emporium.
  3518 | D:5      | Entered Level 5 of the Dungeon
  3659 | D:5      | Found a glowing golden altar of the Shining One.
  3821 | D:5      | Reached skill level 5 in Fighting
  3821 | D:5      | Reached skill level 5 in Shields
  3829 | D:5      | Reached skill level 5 in Armour
  3837 | D:5      | Reached XP level 7. HP: 26/44 MP: 7/7
  4732 | D:6      | Noticed Menkaure
  4745 | D:6      | Killed Menkaure
  5186 | D:6      | Noticed a kobold demonologist
  5194 | D:6      | Noticed a hellwing
  5196 | D:6      | Noticed an ice devil
  5203 | D:6      | Noticed a soul eater
  5207 | D:6      | Killed a kobold demonologist
  5208 | D:6      | Reached skill level 5 in Maces & Flails
  5208 | D:6      | Reached XP level 8. HP: 25/51 MP: 8/8
  6004 | D:6      | Identified a scroll of acquirement
  6005 | D:6      | Acquired 980 gold pieces
  6192 | D:7      | Noticed a hornet
  6212 | D:7      | Killed a hornet
  6213 | D:7      | Reached XP level 9. HP: 31/57 MP: 9/9
  6558 | D:7      | Found a staircase to the Ecumenical Temple.
  6569 | Temple   | Entered the Ecumenical Temple
  6606 | Temple   | Became a worshipper of Gozag Ym Sagoz the Greedy
  8194 | D:7      | Slain by a yak

Illustrated notes

Levels and vault maps discovered:
D:1:      psy_arrival_terrarium, layout_basic, hex_medium,
          minmay_misc_feat_secret_circle
D:2:      layout_rooms, basic_altar, kennysheep_jessica_study
D:3:      layout_basic, lemuel_round_altar, basic_ecumenical_altar,
          serial_glass, glass_columns_b, glass_columns_b, glass_columns_a,
          glass_columns_b, glass_columns_b, glass_columns_a, glass_columns_b,
          glass_columns_c, glass_columns_a, glass_columns_c, glass_columns_b,
          glass_columns_a, glass_columns_c, glass_columns_a,
          minmay_strange_pillars, uniq_natasha, uniq_ijyb
D:4:      layout_basic, serial_shops, shop, shop, shop
D:5:      layout_basic, tso_metal_star
D:6:      layout_basic, nicolae_kite_square_tiling_tiny, uniq_menkaure
D:7:      layout_rooms, minmay_temple_entry_statues_pillars, grunt_decor_clamped
D:8:      minmay_the_grid_octo_2x2 [minmay_the_grid_octo_fan_narrow,
          minmay_the_grid_octo_concentric, minmay_the_grid_octo_shrine,
          minmay_the_grid_octo_prize_square_snowflake], layout_gridville,
          serial_ice, serial_ice_c, serial_ice_b, serial_ice_m, serial_ice_e,
          serial_ice_f, serial_ice_d, serial_ice_j, serial_ice_h, serial_ice_n,
          serial_ice_a, ebering_ghost_xom, nicolae_wooded_promenade
Temple:   nicolae_temple_bog_church

Skill      XL: |  1  2  3  4  5  6  7  8  9 |
---------------+----------------------------+-----
Fighting       | 4 5 6 7 8 |  8.1
Armour         | 4 5 6 7 8 |  8.1
Shields        | 4 5 6 7 8 |  8.1
Maces & Flails | 3 5 7 |  7.0

Action                     |  1- 3 |  4- 6 |  7- 9 || total
---------------------------+-------+-------+-------++-------
  Melee: Flail             |    71 |   211 |   376 ||   658
    Use: Potion            |     1 |     4 |     5 ||    10
         Scroll            |       |       |     9 ||     9
   Stab: Invisible         |       |       |     4 ||     4
 Armour: Scale mail        |     7 |       |       ||     7
         Chain mail        |    36 |   201 |    15 ||   252
         Plate armour      |       |       |   383 ||   383
  Dodge: Dodged            |    34 |   105 |   140 ||   279
  Block: Buckler           |    21 |    75 |   137 ||   233

Table legend: (Time is in decaauts)
 A = Elapsed time spent in this place.
 B = Non-inter-level travel time spent in this place.
 C = Inter-level travel time spent in this place.
 D = Time resting spent in this place.
 E = Time spent auto-exploring this place.
 F = Levels seen in this place.
 G = Mean time per level.
                   A        B        C        D        E       F      G
               +--------+--------+--------+--------+--------+-----+--------+
         Total |   8355 |   7825 |    530 |   2315 |   4008 |   9 |  928.3 |
       Dungeon |   8189 |   7683 |    506 |   2315 |   3888 |   8 | 1023.6 |
        Temple |    166 |    142 |     24 |      0 |    119 |   1 |  166.0 |
               +--------+--------+--------+--------+--------+-----+--------+

Top non-repeatable levels by time:
     D:6: 1906 daAuts
     D:5: 1197 daAuts
     D:4: 1044 daAuts
     D:3: 999 daAuts
     D:7: 934 daAuts
     D:2: 930 daAuts
     D:1: 752 daAuts
     D:8: 424 daAuts
  Temple: 166 daAuts
